AoeStats
← TecorNofi

Nomad

507908764Analyzed
4v4 RM · 11d ago on Sep 20, 2026· 51m 19s· 8 players
Game mode
Random Map
Map size
231×231
Population
200
Speed
Normal
Resources
Standard
Victory
Conquest
Starting age
Dark Age
Ending age
Imperial Age
RankedLock teamsTeams togetherTeam positionsShared explorationLock speedFull tech treeHidden civsTurbo modeCheats
Victory
Defeat
🇹🇼 Italians · Taiwan
1217
+10
🇹🇼 Malay · Taiwan
1214
+10
🇨🇳 Mongols · China
1205
+10
🇹🇼 Japanese · Taiwan
1164
+12
🇨🇱 Cumans · Chile
1153
-13
🇨🇱 Armenians · Chile
1151
-14
🇨🇱 Portuguese · Chile
1035
-9
🇨🇱 Spanish · Chile
933
-6
naski
7:59 Loom
14:19 Feudal Age
15:13 Double-Bit Axe
16:09 Forging
16:28 Town Watch
17:22 Fishing Lines
19:10 Wheelbarrow
22:30 Castle Age
22:14 Horse Collar
23:40 Bow Saw
24:03 Hand Cart
25:10 Gold Mining
25:52 Stone Mining
29:40 Gillnets
30:49 Stone Shaft Mining
30:27 Fletching
30:37 Padded Archer Armor
30:32 Treadmill Crane
31:14 Ballistics
34:41 Imperial Age
32:57 Leather Archer Armor
32:52 Bodkin Arrow
33:55 Squires
34:03 Heavy Plow
34:39 Thumb Ring
35:42 Silk Road
36:37 Chemistry
35:33 Murder Holes
36:29 Bracer
37:11 Conscription
37:38 Ring Archer Armor
38:26 Elite Genoese Crossbowman
42:17 Masonry
46:30 Pirotechnia
46:39 Scale Barding Armor
47:09 Iron Casting
bimurock
5:18 Loom
15:32 Feudal Age
16:00 Wheelbarrow
15:12 Double-Bit Axe
15:11 Fishing Lines
15:39 Gold Mining
20:09 Stone Mining
22:36 Castle Age
21:08 Town Watch
23:08 Medium Warships
23:25 Bow Saw
23:29 Gillnets
25:44 Hand Cart
25:25 Fletching
25:46 Forging
26:19 Stone Shaft Mining
26:35 Gold Shaft Mining
28:45 Thalassocracy
28:35 Treadmill Crane
31:15 Careening
31:28 Ballistics
32:33 Bodkin Arrow
33:14 Iron Casting
37:08 Imperial Age
36:39 Forced Levy
37:02 Conscription
37:53 Heavy Warships
37:25 Man-at-Arms
38:05 Squires
37:51 Arson
39:12 Blast Furnace
38:13 Bracer
39:39 Chemistry
38:57 Siege Engineers
38:43 Long Swordsman
41:18 Town Patrol
40:57 Two-Handed Swordsman
41:58 Padded Archer Armor
43:56 Elite Karambit Warrior
47:02 Horse Collar
48:05 Heavy Plow
50:36 Pikeman
52:07 Dry Dock
51:58 Clinker Construction
52:09 Shipwright
51:54 Siphons
51:46 Murder Holes
肥肥猫
13:05 Feudal Age
15:33 Loom
17:49 Castle Age
16:21 Double-Bit Axe
16:30 Fletching
16:40 Padded Archer Armor
20:06 Bodkin Arrow
23:04 Gold Mining
24:57 Stone Mining
32:33 Imperial Age
31:10 Leather Archer Armor
31:54 Bow Saw
33:00 Bloodlines
32:52 Husbandry
34:24 Gold Shaft Mining
34:39 Wheelbarrow
34:51 Ballistics
34:46 Capped Ram
35:52 Drill
37:32 Chemistry
36:35 Horse Collar
38:53 Parthian Tactics
39:08 Conscription
39:56 Siege Ram
42:14 Bracer
41:39 Elite Mangudai
42:39 Bracer
43:32 Coinage
43:08 Caravan
43:41 Murder Holes
mydogqmi
5:03 Loom
14:42 Feudal Age
21:32 Castle Age
21:56 Light Cavalry
22:47 Bloodlines
23:55 Horse Collar
24:03 Double-Bit Axe
25:41 Wheelbarrow
25:40 Fletching
25:50 Padded Archer Armor
26:18 Bodkin Arrow
27:38 Heavy Plow
30:36 Ballistics
31:57 Hand Cart
32:39 Husbandry
33:26 Thumb Ring
33:45 Town Watch
38:19 Imperial Age
37:37 Bow Saw
38:52 Gold Mining
38:52 Stone Mining
39:50 Conscription
39:51 Bracer
39:30 Heavy Cavalry Archer
40:35 Parthian Tactics
41:41 Chemistry
42:47 Gold Shaft Mining
45:21 Kataparuto
47:20 Hoardings
47:28 Elite Samurai
48:28 Leather Archer Armor
48:14 Scale Mail Armor
48:24 Forging
49:07 Yasama
49:00 Guard Tower
48:56 Arrowslits
49:07 Murder Holes
48:52 Treadmill Crane
bananin.cxs
7:28 Loom
14:16 Feudal Age
17:00 Horse Collar
19:56 Man-at-Arms
22:34 Gold Mining
24:57 Double-Bit Axe
25:11 Stone Mining
27:29 Castle Age
27:37 Long Swordsman
27:42 Pikeman
29:21 Scale Mail Armor
31:30 Forging
32:49 Bow Saw
32:41 Heavy Plow
33:21 Gold Shaft Mining
36:41 Imperial Age
35:10 Wheelbarrow
35:24 Fletching
36:02 Bodkin Arrow
37:09 Padded Archer Armor
38:33 Hand Cart
38:27 Elite Composite Bowman
39:59 Bracer
40:45 Ballistics
41:43 Leather Archer Armor
42:44 Conscription
44:44 Chemistry
43:54 Elite Skirmisher
kEzh <3
5:58 Loom
14:39 Feudal Age
19:40 Castle Age
18:24 Double-Bit Axe
26:13 Padded Archer Armor
26:06 Fletching
27:15 Bodkin Arrow
28:28 Gold Mining
29:37 Padded Archer Armor
29:34 Horse Collar
30:59 Wheelbarrow
31:00 Leather Archer Armor
33:40 Thumb Ring
34:07 Scale Barding Armor
33:55 Capped Ram
36:16 Chain Barding Armor
franquitochile
12:44 Loom
15:26 Feudal Age
17:22 Wheelbarrow
16:40 Double-Bit Axe
20:14 Forging
20:44 Scale Barding Armor
24:26 Castle Age
25:38 Stone Mining
39:44 Hand Cart
42:04 Hand Cart
TecorNofi
5:13 Loom
15:33 Feudal Age
26:53 Castle Age
25:19 Fletching
26:42 Padded Archer Armor
27:11 Crossbowman
44:08 Imperial Age
Connection lost

Rejoining the realm…

Still unreachable

The connection could not be restored.

Session expired

The server has moved on; the page needs a fresh start.